 Dungeon Crawl Stone Soup version 0.29.1-15-g9cfb28693d (webtiles) character file.

Game seed: 13403604119498186287

2799 growler the Destroyer (level 9, -5/49 HPs)
             Began as a Deep Elf Conjurer on Mar 13, 2023.
             Was an Initiate of Vehumet.
             Slain by an orc warrior
             ... wielding a +0 dire flail
              (13 damage)
             ... on level 6 of the Dungeon.
             The game lasted 00:22:50 (7994 turns).

growler the Destroyer (Deep Elf Conjurer)           Turns: 7994, Time: 00:22:51

Health: -5/49      AC:  4    Str:  4    XL:     9   Next: 43%
Magic:  7/21       EV: 12    Int: 38    God:    Vehumet [......]
Gold:   339        SH:  0    Dex: 13    Spells: 8/22 levels left

rFire   . . .      SeeInvis .   (no weapon)
rCold   . . .      Faith    .   (no shield)
rNeg    . . .      Spirit   .   a - +0 robe
rPois   .          Reflect  .   (no helmet)
rElec   .          Harm     .   p - +0 cloak
rCorr   .          Rampage  .   (no gloves)
Will    .....                   u - +0 pair of boots
Stlth   ++........              (no amulet)
HPRegen 0.16/turn               m - ring "Qizur" {Fly Int+4}
MPRegen 0.17/turn               A - +6 ring of intelligence

@: flying
A: no striking features
a: Renounce Religion


You were on level 6 of the Dungeon.
You worshipped Vehumet.
Vehumet was noncommittal.
You visited 2 branches of the dungeon, and saw 9 of its levels.

You collected 339 gold pieces.

Inventory:

Missiles
 l - a throwing net
Armour
 a - a +0 robe (worn)
 p - a +0 cloak (worn)
 u - a +0 pair of boots (worn)
Jewellery
 m - the ring "Qizur" (left hand) {Fly Int+4}
   (You found it on level 3 of the Dungeon)

   [ring of flight]

   Int:       It affects your intelligence (+4).
   Fly:       It grants you flight.
 r - a ring of protection from cold
 A - a +6 ring of intelligence (right hand)
Wands
 s - a wand of mindburst (12)
 B - a wand of roots (6)
 C - a wand of polymorph (9)
Scrolls
 c - 2 scrolls of poison {unknown}
 d - 2 scrolls of vulnerability {unknown}
 h - a scroll of teleportation {unknown}
 j - 2 scrolls of blinking {unknown}
 n - 2 scrolls of amnesia {unknown}
 q - 4 scrolls of fear {unknown}
 t - 5 scrolls of identify
 x - a scroll of noise {unknown}
 y - 2 scrolls of summoning {unknown}
 D - a scroll of torment {unknown}
Potions
 b - 3 potions of magic
 e - a potion of attraction
 f - 2 potions of degeneration
 g - 2 potions of resistance
 i - 2 potions of curing
 k - 2 potions of mutation
 o - a potion of haste
 v - a potion of berserk rage {unknown}
 w - a potion of heal wounds {unknown}
 z - a potion of cancellation {unknown}


   Skills:
 + Level 2.5 Fighting
 - Level 2.4 Dodging
 - Level 2.4 Stealth
 - Level 7.0 Spellcasting
 + Level 12.3 Conjurations
 + Level 4.1 Hexes
 + Level 3.4 Translocations


You had 8 spell levels left.
You knew the following spells:

 Your Spells              Type           Power      Damage    Failure   Level
a - Magic Dart            Conj           100%       1d8       1%          1
b - Searing Ray           Conj           100%       2d8       1%          2
c - Dazzling Flash        Conj/Hex       100%       N/A       1%          3
d - Fulminant Prism       Conj/Hex       33%        3d16      1%          4
e - Iskenderun's Mystic   Conj/Tloc      65%        2d13      1%          4

Your spell library contained the following spells:

 Spells                   Type           Power      Damage    Failure   Level
 Ensorcelled Hibernation  Hex/Ice        58%        N/A       1%          2
 Conjure Flame            Conj/Fire      56%        6-21      1%          3
 Portal Projectile        Hex/Tloc       84%        N/A       1%          3
 Beastly Appendage        Tmut           26%        N/A       2%          1
 Sting                    Tmut/Pois      52%        1d5       2%          1
 Sticky Flame             Conj/Fire      56%        2d7       2%          4
 Call Canine Familiar     Summ           13%        N/A       9%          3
 Frozen Ramparts          Ice            26%        1d4       9%          3
 Ignite Poison            Fire/Tmut/Pois 13%        N/A       9%          3
 Spider Form              Tmut/Pois      13%        N/A       9%          3
 Anguish                  Hex/Necr       14%        N/A       12%         4
 Leda's Liquefaction      Hex/Erth       14%        N/A       12%         4
 Ice Form                 Ice/Tmut       13%        N/A       26%         4
 Summon Ice Beast         Ice/Summ       13%        N/A       26%         4


Dungeon Overview and Level Annotations

Branches:
Dungeon (8/15)             Temple (1/1) D:6
   Lair: D:8-11

Altars:
Kikubaaqudgha
Qazlal
Sif Muna
Vehumet
Wu Jian

Shops:
D:2 *   D:3 :   D:5 =

Annotations:
D:6 1 runed translucent door, mongooserunner's ghost, amateur MiHu
D:8 1 runed translucent door


Message History

Press: ? - help, Shift-Dir - straight line The searing ray hits the orc warrior.
The orc warrior is lightly wounded. (Press . to maintain the ray.)
The orc warrior hits you with a +0 dire flail!
Your fulminant prism crackles loudly.
The searing ray misses the orc warrior.
The orc warrior hits you with a +0 dire flail!!
Your fulminant prism explodes!
The blast of energy engulfs the orc warrior!
The orc warrior is severely wounded.
The searing ray hits the orc warrior but does no damage.
The orc warrior is severely wounded.
The orc warrior barely misses you.
The searing ray hits the orc warrior.
The orc warrior is almost dead.
You finish channelling your searing ray.
The orc warrior hits you with a +0 dire flail.
Casting: Searing Ray (safe; 1% risk of failure)
Confirm with . or Enter, or press ? or * to list all spells.
Aiming: Fulminant Prism (dangerous; 1% risk of failure)
Press: ? - help, Dir - move target You conjure a prism of explosive energy!
A fulminant prism comes into view.
The orc warrior hits you with a +0 dire flail!
* * * LOW HITPOINT WARNING * * *
Unknown command.
The orc warrior attacks as you move away!
The orc warrior closely misses you.
Your fulminant prism crackles loudly.
Casting: Fulminant Prism (dangerous; 1% risk of failure)
Confirm with . or Enter, or press ? or * to list all spells.
Aiming: Searing Ray (safe; 1% risk of failure)
Press: ? - help, Shift-Dir - straight line, f - orc warrior
Aim: an orc warrior, wielding a +0 dire flail and wearing a +0 plate armour (severely wounded, ally target, 83% to hit)
The searing ray hits the orc warrior but does no damage.
The orc warrior is severely wounded. (Press . to maintain the ray.)
The orc warrior hits you with a +0 dire flail!
You die...

#. #....##...#+# #.# #.#.####.
+W #....##.#... # #.#
#.#.#.... #$ #....##.##....+.
#.###.#.#.... ##
#....##.#####.##.#.[...(...#..
..
.....#..##..####....##.#..##.8
.. .###_..## ##..#...##... ..
#...)## ##....##..#. ..
###...## ##.#.....##. ..
##@..###..#....##.. ......
#o#...##.##..8....> ...8P.
#...###.....##....##.. ....8.
##.* ##...####....##. .....8
##. ##..# #.##..#. .....8 ##
#### #..##... ...... #...##.8
...... #....#.. ......
####....


You could see an orc warrior (ally target) and a friendly fulminant prism.

Vanquished Creatures
  6 yaks (D:6)
  Edmund (D:6)
  A black bear (D:5)
  An ogre (D:7)
  A centaur (D:6)
  A phantom (D:6)
  A kobold brigand (D:6)
  A wyvern zombie (D:6)
  3 necrophages
  A bullfrog (D:8)
  3 scorpions
  A howler monkey (D:5)
  6 jellies
  2 orc priests
  A gnoll bouda (D:7)
  2 hounds
  4 iguanas
  4 orc wizards
  13 gnolls
  9 adders
  2 white imps
  2 ufetubi
  2 worms
  2 dart slugs
  14 orcs
  5 ball pythons
  10 bats
  5 endoplasms
  2 giant cockroaches (D:1)
  5 goblins
  8 hobgoblins
  3 jackals (D:1)
  14 kobolds
  4 quokkas
  2 frilled lizards
  6 rats
148 creatures vanquished.

Vanquished Creatures (others)
  27 fulminant prisms
  6 withered plants (D:6)
33 creatures vanquished.

Grand Total: 181 creatures vanquished

Notes
Turn   | Place    | Note
-------+----------+-------------------------------------------
     0 | D:1      | growler the Deep Elf Conjurer began the quest for the Orb.
     0 | D:1      | Reached XP level 1. HP: 10/10 MP: 6/6
    33 | D:1      | Found a faded altar of an unknown god.
   221 | D:1      | Reached XP level 2. HP: 15/15 MP: 2/8
   224 | D:1      | Learned a level 2 spell: Searing Ray
   667 | D:1      | Reached skill level 5 in Conjurations
   667 | D:1      | Reached XP level 3. HP: 19/19 MP: 4/10
   671 | D:1      | Learned a level 3 spell: Dazzling Flash
  1318 | D:2      | Reached XP level 4. HP: 24/24 MP: 9/12
  1738 | D:2      | Found Siran's General Store.
  2050 | D:3      | Reached skill level 5 in Spellcasting
  2537 | D:3      | Found Nirir's Book Shop.
  2549 | D:3      | Identified the ring "Qizur" {Fly Int+4}
  3259 | D:4      | Reached XP level 5. HP: 28/28 MP: 10/15
  3370 | D:4      | Reached skill level 6 in Conjurations
  3431 | D:4      | HP: 1/28 [something (6)]
  3775 | D:4      | Reached XP level 6. HP: 24/32 MP: 9/17
  4466 | D:5      | Entered Level 5 of the Dungeon
  4513 | D:5      | Reached skill level 7 in Conjurations
  4518 | D:5      | Learned a level 4 spell: Fulminant Prism
  4523 | D:5      | Learned a level 4 spell: Iskenderun's Mystic Blast
  4841 | D:5      | Reached XP level 7. HP: 36/36 MP: 2/19
  5095 | D:5      | Reached skill level 8 in Conjurations
  5240 | D:5      | Found an ornate altar of the Wu Jian Council.
  5242 | D:5      | You are sucked into a shaft and drop 3 floors!
  5242 | D:8      | Found the +10 tower shield of Ignorance {rN+ Int-4}
  5251 | D:8      | Found a runed translucent door.
  5546 | D:7      | Reached skill level 9 in Conjurations
  5857 | D:6      | Reached XP level 8. HP: 35/41 MP: 10/20
  5934 | D:6      | Found a runed translucent door.
  6142 | D:5      | Reached skill level 10 in Conjurations
  6332 | D:5      | Found Kuwnabid's Jewellery Shop.
  6470 | D:5      | Identified the +4 whip of Kebin {vorpal, rC+}
  6711 | D:6      | Reached skill level 11 in Conjurations
  6844 | D:6      | Noticed mongooserunner's ghost (amateur MiHu)
  6881 | D:6      | Found a stormy altar of Qazlal.
  7064 | D:6      | Reached skill level 12 in Conjurations
  7064 | D:6      | Reached skill level 1 in Fighting
  7064 | D:6      | Reached skill level 1 in Translocations
  7064 | D:6      | Reached XP level 9. HP: 42/47 MP: 9/21
  7365 | D:6      | Noticed Edmund
  7404 | D:6      | Killed Edmund
  7582 | D:6      | Found a staircase to the Ecumenical Temple.
  7591 | Temple   | Entered the Ecumenical Temple
  7607 | Temple   | Became a worshipper of Vehumet
  7975 | D:6      | Found a shimmering blue altar of Sif Muna.
  7982 | D:6      | Got Sif Muna's Dissertation on Transfiguration
  7994 | D:6      | Slain by an orc warrior

Illustrated notes

Levels and vault maps discovered:
D:1:      dpeg_arrival_rooms_c, layout_basic, hellmonk_ecumenical_altar_run_dry,
          minmay_pentomino_v4
D:2:      layout_basic, serial_shops, nicolae_diamond_shop
D:3:      layout_basic, serial_shops, nicolae_shop_advertising_works
          [nicolae_subvault_shop_adworks]
D:4:      layout_rooms, minivault_25, reono_crystal_passage
D:5:      layout_basic, lemuel_doored_altar, serial_shops, shop
D:6:      layout_basic, nzn_overflow_gifts_of_might_and_magic,
          lemuel_tele_altar, minmay_temple_entry_waves, gammafunk_ghost_grave,
          serial_undead, serial_undead_c, serial_undead_c, serial_undead_e,
          serial_undead_b, minmay_quadrilaterals, uniq_edmund
D:7:      layout_basic, kennysheep_nondescript
D:8:      hellmonk_ruined_rings, layout_rooms, mainiacjoe_overflow_chevrons,
          enter_ossuary_5, chequers_guarded_unrand_ignorance
Temple:   oiseaux_autumnal_temple

Skill      XL: |  1  2  3  4  5  6  7  8  9 |
---------------+----------------------------+-----
Spellcasting   | 4 5 6 7 |  7.0
Conjurations   | 5 6 7 9 12 | 12.3
Fighting       | 1 2 |  2.5
Hexes          | 2 4 |  4.1
Translocations | 1 3 |  3.4
Dodging        | |  2.4
Stealth        | |  2.4

Action                   |  1- 3 |  4- 6 |  7- 9 || total
-------------------------+-------+-------+-------++-------
Melee: Unarmed           |       |     1 |       ||     1
 Cast: Magic Dart        |    67 |    96 |   124 ||   287
       Searing Ray       |     1 |    16 |    15 ||    32
       Fulminant Prism   |       |     3 |    25 ||    28
  Use: Scroll            |       |     5 |     1 ||     6
       Potion            |       |     2 |     2 ||     4
Armor: Robe              |       |     7 |     6 ||    13
Dodge: Dodged            |     1 |    10 |    43 ||    54
